 Dungeon Crawl Stone Soup version 0.31-a0-881-ge136f0c47a (webtiles) character file.

Game seed: 14378672579463522052

63 CowFu the Conjurer (level 3, -9/19 HPs)
             Began as a Deep Elf Conjurer on Oct 15, 2023.
             Mangled by Crazy Yiuf
             ... wielding a +3 quarterstaff of chaos
              (18 damage)
             ... on level 2 of the Dungeon.
             The game lasted 00:00:57 (2360 turns).

CowFu the Conjurer (Deep Elf Conjurer)              Turns: 2360, Time: 00:00:58

Health: -9/19      AC:  2    Str:  4    XL:     3   Next: 89%
Magic:  6/11       EV: 12    Int: 24    God:
Gold:   129        SH:  0    Dex: 13    Spells: 8/11 levels left

rFire   . . .        (no weapon)
rCold   . . .        (no shield)
rNeg    . . .        a - +0 robe
rPois   .            (no helmet)
rElec   .            (no cloak)
rCorr   .            (no gloves)
SInv    .            (no boots)
Will    .....        (no amulet)
Stlth   ++           (no ring)
HPRegen 0.23/turn    (no ring)
MPRegen 0.12/turn

%: no passive effects
@: no status effects
A: no striking features
a: no special abilities


You were on level 2 of the Dungeon.
You visited 1 branch of the dungeon, and saw 2 of its levels.

You collected 129 gold pieces.

Inventory:

Armour
 a - a +0 robe (worn)
Jewellery
 i - an amulet of reflection
 k - a ring of see invisible
Scrolls
 d - 2 scrolls of enchant armour {unknown}
Potions
 b - a potion of magic
 c - 2 potions of berserk rage {unknown}
 e - a potion of enlightenment {unknown}
 f - 2 potions of ambrosia {unknown}
 g - a potion of haste {unknown}
 h - 2 potions of mutation {unknown}
 j - a potion of lignification {unknown}


   Skills:
 - Level 2.4 Dodging
 - Level 2.4 Stealth
 + Level 4.6 Spellcasting
 + Level 5.3 Conjurations


You had 8 spell levels left.
You knew the following spells:

 Your Spells              Type           Power      Damage    Failure   Level
a - Magic Dart            Conj           100%       1d8       1%          1
b - Searing Ray           Conj           62%        2d6       1%          2

Your spell library contained the following spells:

 Spells                   Type           Power      Damage    Failure   Level
 Dazzling Flash           Conj/Hex       36%        N/A       10%         3
 Fulminant Prism          Conj/Hex       9%         3d7       30%         4
 Iskenderun's Mystic Bla  Conj/Tloc      18%        2d6       30%         4


Dungeon Overview and Level Annotations

Branches:
Dungeon (2/15)

Altars:

Shops:
D:1 [

Annotations:
D:2 Crazy Yiuf


Message History

You see here a ball python corpse.
Key pressed, stopping explore.
You can't see any susceptible monsters within range! (Use Z to cast anyway.)
There is a fountain of clear blue water here.
You see here a +0 dagger.
There is a fountain of clear blue water here.
You can't see any susceptible monsters within range! (Use Z to cast anyway.) Could not explore, unopened runed door.
You can't see any susceptible monsters within range! (Use Z to cast anyway.) Could not explore, unopened runed door.
You can't see any susceptible monsters within range! (Use Z to cast anyway.) Could not explore, unopened runed door.
You can't see any susceptible monsters within range! (Use Z to cast anyway.) Could not explore, unopened runed door.
You can't see any susceptible monsters within range! (Use Z to cast anyway.) Could not explore, unopened runed door.
You start memorising the spell.
You continue memorising. x2
You finish memorising.
Spell assigned to 'b'.
You open the door.
Casting: Magic Dart (safe; 1% risk of failure)
Confirm with . or Enter, or press ? or * to list all spells.
Aiming: Searing Ray (safe; 1% risk of failure)
Press: ? - help, Shift-Dir - straight line, f - Crazy Yiuf
Aim: Crazy Yiuf, wielding a +3 quarterstaff of chaos and wearing a +0 cloak (wandering, hasn't noticed you, 82% to hit)
The searing ray hits Crazy Yiuf.
Crazy Yiuf is lightly wounded.
Crazy Yiuf shouts! (Press . to maintain the ray.)
The searing ray hits Crazy Yiuf!
Crazy Yiuf is heavily wounded.
Crazy Yiuf laughs, "Spliff aubergine mumblescurry!"
The searing ray hits Crazy Yiuf.
Crazy Yiuf is heavily wounded.
Crazy Yiuf hits you with a +3 quarterstaff of chaos!
Ouch! That really hurt!
The searing ray misses Crazy Yiuf.
You finish channelling your searing ray.
Crazy Yiuf hits you with a +3 quarterstaff of chaos!!
Ouch! That really hurt!
You die...

......#
##.###.#####.....# #.#
......# ##.#.##
#....## #.# #..##.#
##.## #.#.#####.#
#..##.# ###
##........# #.###.#
##.#######
......####♣♣♣♣♣ ##†##
########.#..♣.♣♣♣ ###
#.†.##
#######....P.♣..♣#...#
#....##
#.........P.♣♣♣♣@g...#
#.....## .........#P♣♣
♣♣#..)# #......###
........##♣♣ ###
#......'.. ).......#
#......### #.......#
#.....## #.......# ###
#....## #.......# #.#
#...## ####.#### #.#
##'## #.# #.#
######.#####


You could see Crazy Yiuf.

Vanquished Creatures
  An adder (D:2)
  A dart slug (D:1)
  3 ball pythons
  4 endoplasms (D:1)
  A giant cockroach (D:2)
  6 goblins
  3 hobgoblins (D:1)
  7 jackals (D:1)
  2 quokkas (D:1)
  4 bats
  5 frilled lizards
  4 kobolds
  8 rats
49 creatures vanquished.

Notes
Turn   | Place    | Note
-------+----------+-------------------------------------------
     0 | D:1      | CowFu the Deep Elf Conjurer began the quest for the Orb.
     0 | D:1      | Reached XP level 1. HP: 10/10 MP: 6/6
    83 | D:1      | Reached XP level 2. HP: 6/15 MP: 0/8
   531 | D:1      | Found Gufiab's Armour Boutique.
   562 | D:1      | Reached XP level 3. HP: 19/19 MP: 8/10
   596 | D:1      | Reached skill level 5 in Conjurations
  1514 | D:2      | Identified the +7 whip "Gifaghotz" {freeze, rF- Str+4}
  1643 | D:2      | Found a runed translucent door.
  1644 | D:2      | Noticed Crazy Yiuf
  2356 | D:2      | Learned a level 2 spell: Searing Ray
  2360 | D:2      | Mangled by Crazy Yiuf

Illustrated notes

Levels and vault maps discovered:
D:1:      lightli_arrival_lavapool, layout_basic, serial_shops,
          nicolae_shop_behind_doors
D:2:      layout_loops_corners, corexii_shack, grunt_ministairs_2,
          uniq_crazy_yiuf_cottage

Skill      XL: |  1  2  3 |
---------------+----------+-----
Spellcasting   | 4 |  4.6
Conjurations   | 5 |  5.3
Dodging        | |  2.4
Stealth        | |  2.4

Action                     || total
---------------------------++-------
  Melee: Unarmed           ||    13
         Punch             ||     1
   Cast: Magic Dart        ||    78
         Searing Ray       ||     1
 Armour: Robe              ||    11
  Dodge: Dodged            ||    11

Table legend: (Time is in decaauts)
 A = Elapsed time spent in this place.
 B = Non-inter-level travel time spent in this place.
 C = Inter-level travel time spent in this place.
 D = Time resting spent in this place.
 E = Time spent auto-exploring this place.
 F = Levels seen in this place.
 G = Mean time per level.
                   A        B        C        D        E       F      G
               +--------+--------+--------+--------+--------+-----+--------+
         Total |   2359 |   2335 |     24 |      0 |   2163 |   2 | 1179.5 |
       Dungeon |   2359 |   2335 |     24 |      0 |   2163 |   2 | 1179.5 |
               +--------+--------+--------+--------+--------+-----+--------+

Top non-repeatable levels by time:
     D:1: 1309 daAuts
     D:2: 1050 daAuts
